 Dungeon Crawl Stone Soup version 0.14.0-12-g87ee3b7 (console) character file.

141 xw the Chopper (level 3, -12/31 HPs)
             Began as a Minotaur Fighter on Apr 16, 2014.
             Mangled by xw's ghost (13 damage)
             ... on Level 3 of the Dungeon.
             The game lasted 00:00:47 (2172 turns).

xw the Chopper (Minotaur Fighter)                   Turns: 2172, Time: 00:00:47

HP -12/31        AC  8     Str 21      XL: 3   Next: 51%
MP   2/2         EV  6     Int  5      God:
Gold 92          SH 18     Dex  9      Spells:  0 memorised,  2 levels left

rFire  . . .     SeeInvis .     Y - +0 war axe {mapnotes,}
rCold  . . .     Clarity  .     b - +0 scale mail
rNeg   . . .     Conserve .     c - +0 shield
rPois  .         rCorr    .     (helmet restricted)
rElec  .         rRot     .     (no cloak)
SustAb . .       Spirit   .     h - +0 pair of gloves
rMut   .         Warding  .     (no boots)
Saprov . . .     Stasis   .     (no amulet)
MR     .....                    (no ring)
                                (no ring)

@: not resistant to hostile enchantments, extremely unstealthy
A: retaliatory headbutt, horns 2
a: no special abilities


You were on level 3 of the Dungeon.
You were not hungry.

You visited 1 branch of the dungeon, and saw 3 of its levels.

You collected 92 gold pieces.

Inventory:

Hand weapons
 Y - a +0,+0 war axe (weapon) {mapnotes,}
Armour
 b - a +0 scale mail (worn)
 c - a +0 shield (worn)
 h - a +0 pair of gloves (worn)
Magical devices
 q - a wand of frost (4) {unknown}
Comestibles
 d - a rotting chunk of giant gecko flesh
 g - a choko
 l - 2 meat rations
 p - a bread ration
 r - a pear
 s - a rotting chunk of giant cockroach flesh
 u - a chunk of giant cockroach flesh
Scrolls
 a - 2 scrolls of fear {unknown}
 j - 3 scrolls of identify
 m - 2 scrolls of magic mapping {unknown}
 n - a scroll of immolation {unknown}
 o - 3 scrolls of recharging {unknown}
 t - a scroll of amnesia
Potions
 e - a potion of might
 f - a potion of heal wounds
 i - a potion of curing
 k - 2 potions of brilliance {unknown}


   Skills:
 - Level 3.6 Fighting
 * Level 4.8 Axes
 - Level 3.6 Armour
 - Level 3.6 Shields


You had 2 spell levels left.
You didn't know any spells.

Dungeon Overview and Level Annotations

Branches:
Dungeon (3/15)

Altars:

Annotations:
D:3 xw's ghost, average MiFi


Innate Abilities, Weirdness & Mutations

You reflexively headbutt those who attack you in melee.
You have a pair of horns on your head.


Message History

2146 ||| turn
2151 ||| turn
2151 ||| turn
2157 ||| turn
2158 ||| turn
2159 ||| turn
2160 ||| turn
2161 ||| turn
2162 ||| turn
2163 ||| turn
2164 ||| turn
2165 ||| turn
2166 ||| turn
2167 ||| turn
2168 ||| turn
2169 ||| turn
2170 ||| turn
2171 ||| turn
2172 ||| turn You die...

# #.#.#.#.#.#.#.#.^.#.#.## #
#.#.#.#.#.#.#.#.#.#.#.. #
#.#.#.#.#.#.#.#.#.#.#.## #
#.#.#.#.#.#.#.#.#.#.#.. # # #
#.#.#.#.#.#.#.#.#.#.#. #
.#.#.#.#.#.# #.#.#.#.# #.# #
#.#.# #.#.#.#.# #.#.# #. ####
#.#.########.####..#.#...# ...#
#.#.#...pH%...#....#.#...# ##.#
#.#.#.######..)......#...) ##.#
#.#.......................
#.#####.#.##.##.#.......#.......
#..................#..#.#.######
########.#..#.##.#<..............
............# #..........#.##..#.
##########..# #............##....
#..#.#.#############.##.


You could see xw's ghost.

Vanquished Creatures
  An adder (D:3)
  2 giant geckos
  2 giant cockroaches (D:3)
  7 goblins
  5 hobgoblins
  2 jackals (D:1)
  8 kobolds
  4 bats
  4 giant newts
  5 rats
40 creatures vanquished.

Notes
Turn   | Place    | Note
--------------------------------------------------------------
     0 | D:1      | xw, the Minotaur Fighter, began the quest for the Orb.
     0 | D:1      | Reached XP level 1. HP: 19/19 MP: 1/1
   186 | D:1      | Reached XP level 2. HP: 26/26 MP: 1/1
   638 | D:1      | WEARING RING 1 wooden ring
   639 | D:1      | TESTING POTIONS
   640 | D:1      | TESTING POTIONS
   641 | D:1      | TESTING SCROLLS
   642 | D:1      | TESTING SCROLLS
   643 | D:1      | TESTING SCROLLS
   644 | D:1      | REMOVING BAD RING: ring of wizardry
   646 | D:1      | New armour: pair of gloves (10)
   854 | D:2      | Reached skill level 4 in Axes
  1233 | D:2      | Reached XP level 3. HP: 31/31 MP: 2/2
  1596 | D:2      | TESTING POTIONS
  1643 | D:2      | TESTING SCROLLS
  2158 | D:3      | Noticed xw's ghost (average MiFi)
  2167 | D:3      | HP: 1/31 [xw's ghost (7)]
  2172 | D:3      | Mangled by xw's ghost

Action                   || total
-------------------------++-------
Melee: War axe           ||    97
  Use: Scroll            ||     4
       Potion            ||     3

Vault maps used:
D:1:      elethiomel_arrival_shortcut
D:3:      first_bread
